PAAA
SYRACUSE STARKS @ BATON ROUGE BRASS
08/16/2042
 
TOP OF THE 1ST
Syracuse Starks batting - Pitching for Baton Rouge Brass : RHP Jordan Guérin
Pitching: RHP Jordan Guérin
Batting: RHB Yoshiki Shimizu 0-0: Ball
1-0: Ball
2-0: Called Strike
2-1: Fly out, F8 (Flyball, 8RD, EV 101.9 MPH)
Batting: RHB Akke Derksen 0-0: Called Strike
0-1: Ball
1-1: Ball
2-1: Foul Ball, location: 2F
2-2: Foul Ball, location: 2F
2-2: Fly out, F8 (Flyball, 8LXD, EV 95.0 MPH)
Batting: RHB Arsenio Laurel 0-0: Ball
1-0: Called Strike
1-1: Foul Ball, location: 2F
1-2: Ball
2-2: Foul Ball, location: 2F
2-2: Fly out, F8 (Line Drive, 8LM, EV 88.1 MPH)
Top of the 1st over - 0 runs, 0 hits, 0 errors, 0 left on base; Syracuse 0 - Baton Rouge 0
BOTTOM OF THE 1ST
Baton Rouge Brass batting - Pitching for Syracuse Starks : LHP Ollie McDaniell
Pitching: LHP Ollie McDaniell
Batting: RHB Travis Murphy 0-0: Ball
1-0: Foul Ball, location: 2F
1-1: Ball
2-1: Foul Ball, location: 2F
2-2: Ball
3-2: Fly out, F7 (Flyball, 7, EV 93.8 MPH)
Batting: SHB Vicente Romero 0-0: Ball
1-0: Foul Ball, location: 2F
1-1: Ball
2-1: Foul Ball, location: 2F
2-2: TRIPLE (Flyball, 89XD, EV 86.9 MPH)
Batting: SHB Alex Warner 0-0: Called Strike
0-1: Called Strike
0-2: Ball
1-2: Fly out, F9 (Flyball, 89S, EV 90.6 MPH)
Batting: RHB Jamy Geertsen 0-0: Foul Ball, location: 2F
0-1: Ball
1-1: DOUBLE (Line Drive, 7LM, EV 111.2 MPH)
Vicente Romero scores
Batting: LHB Weston Doyle 0-0: Foul Ball, location: 2F
0-1: Ball
1-1: Fly out, F9 (Flyball, 89S, EV 88.8 MPH)
Bottom of the 1st over - 1 run, 2 hits, 0 errors, 1 left on base; Syracuse 0 - Baton Rouge 1
TOP OF THE 2ND
Syracuse Starks batting - Pitching for Baton Rouge Brass : RHP Jordan Guérin
Batting: LHB Martín Pliego 0-0: Ball
1-0: Foul Ball, location: 2F
1-1: Ball
2-1: SINGLE (Groundball, 6D, EV 110.0 MPH)
Batting: RHB Luther H. Greene 0-0: Ball
1-0: Foul Ball, location: 2F
1-1: Foul Ball, location: 2F
1-2: Grounds into double play, 6-4-3 (Groundball, 6, EV 87.5 MPH)
Batting: RHB Atanza Vongor 0-0: Called Strike
0-1: Foul Ball, location: 2F
0-2: Strikes out swinging
Top of the 2nd over - 0 runs, 1 hit, 0 errors, 0 left on base; Syracuse 0 - Baton Rouge 1
BOTTOM OF THE 2ND
Baton Rouge Brass batting - Pitching for Syracuse Starks : LHP Ollie McDaniell
Batting: RHB John Birges 0-0: Reached on error, E6 (Groundball, 6, EV 101.2 MPH)
Batting: LHB Dave Summers 0-0: Ball
1-0: Hit by Pitch
John Birges to second
Batting: SHB Charles Geudre 0-0: Grounds into double play, 4-6-3 (Groundball, 4, EV 107.5 MPH)
John Birges to third
Batting: RHB Emery Nelson 0-0: Called Strike
0-1: Swinging Strike
0-2: Ball
1-2: Strikes out looking
Bottom of the 2nd over - 0 runs, 0 hits, 1 error, 1 left on base; Syracuse 0 - Baton Rouge 1
TOP OF THE 3RD
Syracuse Starks batting - Pitching for Baton Rouge Brass : RHP Jordan Guérin
Batting: LHB Bill Gracián 0-0: Ball
1-0: Foul Ball, location: 2F
1-1: Ball
2-1: Foul Ball, location: 2F
2-2: Ball
3-2: Foul Ball, location: 2F
3-2: Foul Ball, location: 2F
3-2: Foul Ball, location: 2F
3-2: SINGLE (Groundball, 6S, EV 83.8 MPH) (infield hit)
Batting: RHB Patrick Mildren 0-0: Ball
1-0: Ball
2-0: DOUBLE (Flyball, 89D, EV 91.9 MPH)
Bill Gracián to third
Batting: RHB Francisco Agámez 0-0: Called Strike
0-1: Ball
1-1: Swinging Strike
1-2: 3-RUN HOME RUN (Flyball, 7D, EV 95.6 MPH), Distance : 371 ft
Batting: RHB Yoshiki Shimizu 0-0: Ball
1-0: Called Strike
1-1: Ball
2-1: Foul Ball, location: 2F
2-2: Ball
3-2: Foul Ball, location: 2F
3-2: Base on Balls
Batting: RHB Akke Derksen 0-0: Ball
1-0: Called Strike
1-1: Fly out, F5 (Popup, 56S, EV 76.2 MPH)
Batting: RHB Arsenio Laurel 0-0: Ball
Yoshiki Shimizu steals 2nd base
1-0: Ball
2-0: Foul Ball, location: 2F
2-1: Swinging Strike
2-2: Ball
3-2: SINGLE (Line Drive, 89M, EV 97.5 MPH)
Yoshiki Shimizu to third
Batting: LHB Martín Pliego 0-0: Ball
1-0: Ball
Arsenio Laurel steals 2nd base
2-0: Called Strike
2-1: Ball
3-1: Called Strike
3-2: SINGLE (Line Drive, 56D, EV 94.4 MPH)
Yoshiki Shimizu scores
Arsenio Laurel to third
Runner from 3rd tries for Home, SAFE, no throw by LF
Batting: RHB Luther H. Greene 0-0: Called Strike
0-1: Grounds into double play, 1-4-3 (Groundball, 25, EV 91.9 MPH)
Top of the 3rd over - 5 runs, 5 hits, 0 errors, 0 left on base; Syracuse 5 - Baton Rouge 1
BOTTOM OF THE 3RD
Baton Rouge Brass batting - Pitching for Syracuse Starks : LHP Ollie McDaniell
Batting: RHB Travis Murphy 0-0: Ball
1-0: Foul Ball, location: 2F
1-1: Ball
2-1: Swinging Strike
2-2: Ground out 3-1 (Groundball, 34, EV 87.5 MPH)
Batting: SHB Vicente Romero 0-0: Ball
1-0: Swinging Strike
1-1: Ground out 6-3 (Groundball, 6M, EV 83.8 MPH)
Batting: SHB Alex Warner 0-0: Called Strike
0-1: Swinging Strike
0-2: Strikes out swinging
Bottom of the 3rd over - 0 runs, 0 hits, 0 errors, 0 left on base; Syracuse 5 - Baton Rouge 1
TOP OF THE 4TH
Syracuse Starks batting - Pitching for Baton Rouge Brass : RHP Jordan Guérin
Batting: RHB Atanza Vongor 0-0: Called Strike
0-1: Ball
1-1: Foul Ball, location: 2F
1-2: Ball
2-2: Strikes out swinging
Batting: LHB Bill Gracián 0-0: Swinging Strike
0-1: Foul Ball, location: 2F
0-2: Foul Ball, location: 2F
0-2: Ball
1-2: Strikes out swinging
Batting: RHB Patrick Mildren 0-0: Ball
1-0: Foul Ball, location: 2F
1-1: Foul Ball, location: 2F
1-2: Ball
2-2: Strikes out looking
Top of the 4th over - 0 runs, 0 hits, 0 errors, 0 left on base; Syracuse 5 - Baton Rouge 1
BOTTOM OF THE 4TH
Baton Rouge Brass batting - Pitching for Syracuse Starks : LHP Ollie McDaniell
Batting: RHB Jamy Geertsen 0-0: Ball
1-0: Called Strike
1-1: DOUBLE (Line Drive, 89XD, EV 109.4 MPH)
Batting: LHB Weston Doyle 0-0: Called Strike
0-1: Ball
1-1: Ground out 6-3 (Groundball, 6, EV 91.2 MPH)
Jamy Geertsen to third
Batting: RHB John Birges 0-0: Ball
1-0: Ball
2-0: SINGLE (Groundball, 56D, EV 98.1 MPH)
Jamy Geertsen scores
Batting: LHB Dave Summers 0-0: Ball
1-0: Called Strike
1-1: Foul Ball, location: 2F
1-2: Ball
2-2: Foul Ball, location: 2F
2-2: Grounds into double play, 4-6-3 (Groundball, 4, EV 85.0 MPH)
Bottom of the 4th over - 1 run, 2 hits, 0 errors, 0 left on base; Syracuse 5 - Baton Rouge 2
TOP OF THE 5TH
Syracuse Starks batting - Pitching for Baton Rouge Brass : RHP Jordan Guérin
Batting: RHB Francisco Agámez 0-0: Fly out, F7 (Flyball, 7S, EV 83.8 MPH)
Batting: RHB Yoshiki Shimizu 0-0: Foul Ball, location: 2F
0-1: SINGLE (Line Drive, 8RS, EV 91.2 MPH)
Pitching: RHP Felipe Nieves
Batting: RHB Akke Derksen 0-0: Ball
1-0: Called Strike
1-1: SINGLE (Groundball, 6MD, EV 105.0 MPH)
Yoshiki Shimizu to second
Batting: RHB Arsenio Laurel 0-0: Ball
1-0: Called Strike
1-1: Foul Ball, location: 2F
1-2: Fly out, F9 (Flyball, 9LD, EV 91.2 MPH)
Batting: LHB Martín Pliego 0-0: Called Strike
0-1: Ball
1-1: Ball
2-1: Foul Ball, location: 2F
2-2: Strikes out swinging
Top of the 5th over - 0 runs, 2 hits, 0 errors, 2 left on base; Syracuse 5 - Baton Rouge 2
BOTTOM OF THE 5TH
Baton Rouge Brass batting - Pitching for Syracuse Starks : LHP Ollie McDaniell
Batting: SHB Charles Geudre 0-0: Swinging Strike
0-1: Foul Ball, location: 2F
0-2: Ball
1-2: Strikes out swinging
Batting: RHB Emery Nelson 0-0: Ball
1-0: Foul Ball, location: 2F
1-1: Fly out, F9 (Flyball, 89S, EV 81.9 MPH)
Batting: RHB Travis Murphy 0-0: Ball
1-0: Foul Ball, location: 2F
1-1: Foul Ball, location: 2F
1-2: Foul Ball, location: 2F
1-2: Foul Ball, location: 2F
1-2: Ground out 4-3 (Groundball, 34, EV 86.2 MPH)
Bottom of the 5th over - 0 runs, 0 hits, 0 errors, 0 left on base; Syracuse 5 - Baton Rouge 2
TOP OF THE 6TH
Syracuse Starks batting - Pitching for Baton Rouge Brass : RHP Felipe Nieves
Batting: RHB Luther H. Greene 0-0: Ball
1-0: Foul Ball, location: 2F
1-1: Foul Ball, location: 2F
1-2: Foul Ball, location: 2F
1-2: Ball
2-2: Strikes out swinging
Batting: RHB Atanza Vongor 0-0: Ground out 6-3 (Groundball, 6, EV 90.0 MPH)
Batting: LHB Bill Gracián 0-0: Ground out 4-3 (Groundball, 4M, EV 99.4 MPH)
Top of the 6th over - 0 runs, 0 hits, 0 errors, 0 left on base; Syracuse 5 - Baton Rouge 2
BOTTOM OF THE 6TH
Baton Rouge Brass batting - Pitching for Syracuse Starks : LHP Ollie McDaniell
Batting: SHB Vicente Romero 0-0: Ball
1-0: Bunt for hit to 25 - play at first, batter safe!
Batting: SHB Alex Warner 0-0: Ball
1-0: Ball
2-0: Called Strike
2-1: Ground out 5-3 (Groundball, 56S, EV 87.5 MPH)
Vicente Romero to second
Batting: RHB Jamy Geertsen 0-0: Ball
1-0: Ball
2-0: Foul Ball, location: 2F
2-1: Ball
3-1: Ground out 5-3 (Groundball, 56, EV 78.8 MPH)
Batting: LHB Weston Doyle 0-0: SINGLE (Groundball, 34D, EV 99.4 MPH)
Vicente Romero to third
Runner from 3rd tries for Home, SAFE, throw by RF to home
Batting: RHB John Birges 0-0: Ball
1-0: Fly out, F8 (Flyball, 8RD, EV 100.0 MPH)
Bottom of the 6th over - 1 run, 2 hits, 0 errors, 1 left on base; Syracuse 5 - Baton Rouge 3
TOP OF THE 7TH
Syracuse Starks batting - Pitching for Baton Rouge Brass : RHP Felipe Nieves
Batting: RHB Patrick Mildren 0-0: Foul Ball, location: 2F
0-1: Ball
1-1: Ball
2-1: Fly out, F2 (Popup, 15S, EV 95.6 MPH)
Batting: RHB Francisco Agámez 0-0: Fly out, F8 (Flyball, 8RXD, EV 104.4 MPH)
Batting: RHB Yoshiki Shimizu 0-0: Ball
1-0: Foul Ball, location: 2F
1-1: Swinging Strike
1-2: Foul Ball, location: 2F
1-2: Ball
2-2: Foul Ball, location: 2F
2-2: Strikes out swinging
Top of the 7th over - 0 runs, 0 hits, 0 errors, 0 left on base; Syracuse 5 - Baton Rouge 3
BOTTOM OF THE 7TH
Baton Rouge Brass batting - Pitching for Syracuse Starks : LHP Ollie McDaniell
Batting: LHB Dave Summers 0-0: Called Strike
0-1: Swinging Strike
0-2: Strikes out swinging
Batting: SHB Charles Geudre 0-0: Called Strike
0-1: DOUBLE (Line Drive, 3D, EV 95.0 MPH)
Batting: RHB Emery Nelson 0-0: Ball
1-0: Ground out 4-3 (Groundball, 4S, EV 82.5 MPH)
Charles Geudre to third
Batting: RHB Travis Murphy 0-0: Swinging Strike
0-1: Called Strike
0-2: Ground out 5-3 (Groundball, 56S, EV 72.5 MPH)
Bottom of the 7th over - 0 runs, 1 hit, 0 errors, 1 left on base; Syracuse 5 - Baton Rouge 3
TOP OF THE 8TH
Syracuse Starks batting - Pitching for Baton Rouge Brass : RHP Felipe Nieves
Batting: RHB Akke Derksen 0-0: Ball
1-0: Called Strike
1-1: Swinging Strike
1-2: Fly out, F8 (Line Drive, 8LD, EV 94.4 MPH)
Batting: RHB Arsenio Laurel 0-0: SINGLE (Line Drive, 7LM, EV 103.8 MPH)
Batting: LHB Martín Pliego 0-0: Ball
1-0: Foul Ball, location: 2F
1-1: Ball
2-1: Fly out, F6 (Popup, 4MS, EV 69.4 MPH)
Batting: RHB Luther H. Greene 0-0: Called Strike
0-1: Ball
1-1: Ball
2-1: Ball
3-1: SINGLE (Flyball, 9LS, EV 90.0 MPH)
Arsenio Laurel to second
Runner from 2nd tries for 3rd, SAFE, no throw by RF
Batting: RHB Atanza Vongor 0-0: SINGLE (Groundball, 56D, EV 110.6 MPH)
Arsenio Laurel scores
Luther H. Greene to second
Batting: LHB Bill Gracián 0-0: Ball
1-0: Ball
2-0: Ball
3-0: Called Strike
3-1: Foul Ball, location: 2F
3-2: Ground out 1-3 (Groundball, 15S, EV 65.6 MPH)
Top of the 8th over - 1 run, 3 hits, 0 errors, 2 left on base; Syracuse 6 - Baton Rouge 3
BOTTOM OF THE 8TH
Baton Rouge Brass batting - Pitching for Syracuse Starks : LHP Ollie McDaniell
Batting: SHB Vicente Romero 0-0: Ball
1-0: Ball
2-0: SOLO HOME RUN (Line Drive, 7D, EV 101.2 MPH), Distance : 382 ft
Batting: SHB Alex Warner 0-0: Ball
1-0: Called Strike
1-1: Ground out 5-3 (Groundball, 56S, EV 92.5 MPH)
Batting: RHB Jamy Geertsen 0-0: Ball
1-0: Foul Ball, location: 2F
1-1: Ball
2-1: Ball
3-1: Ground out U3 (Groundball, 34S, EV 69.4 MPH)
Batting: LHB Weston Doyle 0-0: Called Strike
0-1: SINGLE (Groundball, 34D, EV 106.9 MPH)
Batting: RHB John Birges 0-0: Ball
1-0: Fly out, F8 (Flyball, 8RS, EV 91.2 MPH)
Bottom of the 8th over - 1 run, 2 hits, 0 errors, 1 left on base; Syracuse 6 - Baton Rouge 4
TOP OF THE 9TH
Syracuse Starks batting - Pitching for Baton Rouge Brass : RHP Felipe Nieves
Batting: RHB Patrick Mildren 0-0: Ball
1-0: DOUBLE (Line Drive, 78XD, EV 111.2 MPH)
Pitching: RHP Carlos Cardoso
Batting: RHB Francisco Agámez 0-0: Called Strike
0-1: Fly out, F8 (Flyball, 8RD, EV 101.9 MPH)
Batting: RHB Yoshiki Shimizu 0-0: Intentional Walk
Batting: RHB Akke Derksen 0-0: Ball
1-0: Ball
2-0: Ball
3-0: Base on Balls
Patrick Mildren to third
Yoshiki Shimizu to second
Batting: RHB Arsenio Laurel 0-0: Ball
1-0: Foul Ball, location: 2F
1-1: Called Strike
1-2: Ball
2-2: SINGLE (Groundball, 6MD, EV 95.0 MPH)
Patrick Mildren scores
Yoshiki Shimizu to third
Akke Derksen to second
Runner from 3rd tries for Home, SAFE, no throw by CF
Batting: LHB Martín Pliego 0-0: SINGLE (Line Drive, 6D, EV 96.9 MPH)
Akke Derksen to third
Arsenio Laurel to second
Batting: RHB Luther H. Greene 0-0: Called Strike
0-1: Foul Ball, location: 2F
0-2: Strikes out swinging
Batting: RHB Atanza Vongor 0-0: Called Strike
0-1: Ball
1-1: Called Strike
1-2: Ball
2-2: Strikes out looking
Top of the 9th over - 2 runs, 3 hits, 0 errors, 3 left on base; Syracuse 8 - Baton Rouge 4
BOTTOM OF THE 9TH
Baton Rouge Brass batting - Pitching for Syracuse Starks : LHP Ollie McDaniell
Batting: LHB Dave Summers 0-0: Ground out U3 (Groundball, 3, EV 87.5 MPH)
Batting: SHB Charles Geudre 0-0: Foul Ball, location: 2F
0-1: Foul Ball, location: 2F
0-2: Foul Ball, location: 2F
0-2: Ball
1-2: Foul Ball, location: 2F
1-2: SINGLE (Groundball, 4MD, EV 100.6 MPH)
Pitching: RHP António Rodríguez
Batting: RHB Emery Nelson 0-0: Ball
1-0: Ball
2-0: Called Strike
2-1: Ball
3-1: Foul Ball, location: 2F
3-2: Base on Balls
Charles Geudre to second
Batting: RHB Travis Murphy 0-0: Grounds into double play, 5-4-3 (Groundball, 56S, EV 80.0 MPH)
Bottom of the 9th over - 0 runs, 1 hit, 0 errors, 1 left on base; Syracuse 8 - Baton Rouge 4
Friday, March 26th, 2021 - OOTP Baseball 20.8 Build 74